 Dungeon Crawl Stone Soup version 0.29.1-15-g9cfb28693d (webtiles) character file.

Game seed: 9372326450072702656

12744 Sanktem7 the Cleaver (level 11, -8/90 (99) HPs)
             Began as a Minotaur Fighter on Mar 15, 2023.
             Was the Champion of Okawaru.
             Mangled by a large abomination (9 damage)
             ... on level 3 of the Abyss.
             The game lasted 00:21:24 (11787 turns).

Sanktem7 the Cleaver (Minotaur Fighter)            Turns: 11787, Time: 00:21:24

HP:   -8/90 (99)    AC: 17    Str: 26    XL:     11   Next: 66%
MP:   13/13         EV: 14    Int:  5    God:    Okawaru [******]
Gold: 1380          SH: 19    Dex:  9    Spells: 10/10 levels left

rFire   + + .      SeeInvis .   a - +2 war axe (venom) {axe}
rCold   + . .      Faith    .   G - +4 kite shield of Seock {rF++ rC+ Will- rCorr}
rNeg    . . .      Spirit   .   n - +0 plate armour
rPois   .          Reflect  +   (helmet restricted)
rElec   .          Harm     .   p - scarf {+Inv}
rCorr   +          Rampage  .   w - +1 pair of gloves
Will    .....                   (no boots)
Stlth   ..........              y - amulet of reflection
HPRegen 0.25/turn               A - +4 ring of evasion
MPRegen 0.13/turn               q - +4 ring of evasion

@: drained
A: horns 2, retaliatory headbutt
a: Renounce Religion, Evoke Invisibility, Heroism, Finesse, Duel


You were on level 3 of the Abyss.
You worshipped Okawaru.
Okawaru was exalted by your worship.
You visited 2 branches of the dungeon, and saw 12 of its levels.
You visited the Abyss 1 time.

You collected 1380 gold pieces.


Innate Abilities, Weirdness & Mutations

You have a pair of horns on your head.
You reflexively headbutt those who attack you in melee.


   Skills:
 + Level 10.1 Fighting
 * Level 13.4 Axes
 + Level 4.6 Throwing
 + Level 10.0 Armour
 + Level 10.0 Shields
 - Level 5.0 Invocations


You had 10 spell levels left.
You didn't know any spells.
Your spell library contained the following spells:

 Spells                   Type           Power      Damage    Failure   Level
 Magic Dart               Conj           0%         1d3       100%        1
 Blink                    Tloc           0%         N/A       100%        2
 Static Discharge         Conj/Air       0%         3-3/arc   100%        2
 Gell's Gravitas          Tloc           0%         N/A       100%        3
 Lesser Beckoning         Tloc           0%         N/A       100%        3
 Mephitic Cloud           Conj/Pois/Air  0%         N/A       100%        3
 Stone Arrow              Conj/Erth      0%         3d7       100%        3
 Teleport Other           Tloc           0%         N/A       100%        3
 Airstrike                Air            0%         2d(0-16)  100%        4
 Lightning Bolt           Conj/Air       0%         1d11      100%        5
 Manifold Assault         Tloc           0%         N/A       100%        5
 Dispersal                Tloc           0%         N/A       100%        6
 Disjunction              Tloc           0%         N/A       100%        8
 Lehudib's Crystal Spear  Conj/Erth      0%         10d2      100%        8
 Maxwell's Capacitive Co  Air            0%         ∞         100%        8
 Call Imp                 Summ           Unusable   N/A       N/A         2
 Animate Armour           Summ/Erth      Unusable   N/A       N/A         4
 Summon Lightning Spire   Summ/Air       Unusable   N/A       N/A         4

Inventory:

Hand Weapons
 a - a +2 war axe of venom (weapon) {axe}
 M - the +10 flail "Joexe" {drain, *Noise rPois Will+ Int+3, mace}
   (You found it on level 11 of the Dungeon)

   A truly terrible weapon, it drains the life of any living foe it strikes.
   Int:       It affects your intelligence (+3).
   rPois:     It protects you from poison.
   *Noise:    It may make noises in combat.
   Will:      It increases your willpower.
Missiles
 b - 3 javelins {throwing}
 g - 101 stones (quivered) {throwing}
 u - 13 poisoned darts {throwing}
 x - a boomerang {throwing}
 E - 3 silver boomerangs {throwing}
Armour
 n - a +0 plate armour (worn)
   (You found it on level 1 of the Dungeon)
 p - a scarf of invisibility (worn)
   (You found it on level 1 of the Dungeon)
 w - a +1 pair of gloves (worn)
   (You found it on level 3 of the Dungeon)
 G - the +4 kite shield of Seock (worn) {rF++ rC+ Will- rCorr}
   (You found it on level 6 of the Dungeon)

   rF:        It greatly protects you from fire.
   rC:        It protects you from cold.
   rCorr:     It protects you from acid and corrosion.
   Will:      It decreases your willpower.
Jewellery
 q - a +4 ring of evasion (right hand)
   (You found it on level 7 of the Dungeon)
 y - an amulet of reflection (around neck)
   (You found it on level 7 of the Dungeon)
 A - a +4 ring of evasion (left hand)
   (You found it on level 4 of the Dungeon)
Wands
 B - a wand of digging (4)
   (You found it on level 5 of the Dungeon)
 D - a wand of acid (7)
   (You found it on level 5 of the Dungeon)
 L - a wand of charming (3)
   (You found it on level 10 of the Dungeon)
Scrolls
 e - 3 scrolls of teleportation {@r4}
 h - a scroll of butterflies
 i - a scroll of magic mapping {!r}
 j - 4 scrolls of poison {!r}
 v - 2 scrolls of blinking {!r}
 z - 3 scrolls of vulnerability {!r!r}
 I - 2 scrolls of amnesia
 J - a scroll of noise {unknown}
 K - a scroll of silence {!r}
Potions
 c - a potion of berserk rage {unknown}
 d - a potion of might
 f - 2 potions of mutation {!q}
 k - 2 potions of curing {@q1}
 m - 2 potions of lignification {unknown}
 o - 3 potions of haste {@q3}
 r - a potion of cancellation {unknown}
 s - 2 potions of degeneration {unknown}
 t - 5 potions of flight {unknown}
 C - 2 potions of ambrosia {unknown}
 F - 2 potions of brilliance {unknown}
 H - a potion of magic {unknown}

Dungeon Overview and Level Annotations

Branches:
Dungeon (11/15) Zot: 26881  Temple (1/1) D:4 Zot: 5830    Lair (0/5) D:8
    Orc (0/2) D:9

Altars:
Ashenzari
Cheibriados
Dithmenos
Elyvilon
Fedhas
Gozag
Hepliaklqana
Kikubaaqudgha
Makhleb
Nemelex Xobeh
Okawaru
Qazlal
Ru
Sif Muna
Trog
Uskayaw
Vehumet
Wu Jian
Xom
Yredelemnul
Zin
The Shining One

Shops:
D:4 (   D:7 (   D:10 (

Annotations:
D:11 Erolcha

.. . .# ##. .. ##
..##.X. #. .......
#.#...# ##@# #
##.X## .
###.###....#
#.##.#...#....######
..
........###......#
...
..###...#G...##.# .
##...###...#. #
..#.##..##..#....
#.#. .##.###.##


You could see a tentacled starspawn, a glowing orange brain and a large
abomination.


Message History

You hit the large abomination. You slash the balrug!
You closely miss the thrashing horror.
The thrashing horror churns violently!
The thrashing horror seems to grow stronger.
The large abomination hits you!!
* * * LOW HITPOINT WARNING * * *
The balrug gestures at you. Something smites you!
* * * LOW HITPOINT WARNING * * *
😱 HP[-41]
You take 41 damage, and now have 4/99 hp.
MASSIVE DAMAGE!! (PAUSE)
You hit the large abomination but do no damage.
You barely miss the thrashing horror. You hit the balrug.
The balrug looks as sick as possible!
You block the thrashing horror's attack.
The thrashing horror tramples you but does no damage.
You block the thrashing horror's attack. x2
You block the large abomination's attack.
The balrug hits you but does no damage.
You are lethally poisoned!
Okay, then.
You feel better.
You block the thrashing horror's attack.
The thrashing horror closely misses you.
The thrashing horror completely misses you.
You furiously retaliate!
You headbutt the thrashing horror. The thrashing horror barely misses you.
The balrug gestures at you. The bolt of fire hits you. You resist.
* * * LOW HITPOINT WARNING * * *
You block the large abomination's attack. 😱 HP[+6]
You regained 6 hp, and now have 10/99 hp.
You hit the large abomination but do no damage.
You headbutt the large abomination. You hit the balrug.
You closely miss the thrashing horror. The thrashing horror misses you.
The thrashing horror completely misses you.
You block the balrug's attack.
A sun demon comes into view.
The large abomination hits you!
* * * LOW HITPOINT WARNING * * *
😱 HP[-7]
You take 7 damage, and now have 3/99 hp.
You feel drained.
You fail to use your ability.
The balrug stops burning.
You block the thrashing horror's attack.
The thrashing horror tramples you.
* * * LOW HITPOINT WARNING * * *
You hold your ground!
The balrug barely misses you.
You block the large abomination's attack. 😱 HP[-1]
You now have 90 max hp (-9).
Blink to where?
Press: ? - help, Q - select action, (/) - cycle Dir - move target A smoke demon comes into view.
As you read the scroll of blinking {!r}, it crumbles to dust.
You are suddenly pulled into a different region of the Abyss!
Unknown command. 😱 HP[+1] 😱 HP[+1] 😱 HP[+1] 😱 HP[+1]
A large abomination comes into view.
A glowing orange brain comes into view.
The glowing orange brain turns its attention towards you.
The glowing orange brain pulsates.
You are confused. 😱 HP[+1]
You bump into the rock wall.
You bump into the metal wall.
You bump into the metal wall. 😱 HP[+1]
You bump into the rock wall.
You feel less confused.
The large abomination hits you but does no damage.
The large abomination attacks as you move away!
You block the large abomination's attack.
The large abomination attacks as you move away!
The large abomination closely misses you. 😱 HP[+1]
The large abomination attacks as you move away!
The large abomination closely misses you.
The large abomination attacks as you move away!
You block the large abomination's attack.
The glowing orange brain pulsates.
The glowing orange brain radiates an aura of fear!
You are terrified of the glowing orange brain!
You are no longer terrified. 😱 HP[+1]
The large abomination attacks as you move away!
The large abomination hits you!
* * * LOW HITPOINT WARNING * * *
A tentacled starspawn comes into view. 😱 HP[-9]
You take 9 damage, and now have 1/90 hp.
The large abomination attacks as you move away!
The large abomination hits you!
You die...

Skill      XL: |  1  2  3  4  5  6  7  8  9 10 11 |
---------------+----------------------------------+-----
Axes           | 3 4 5 7 8 10 12 13 | 13.4
Shields        | 4 5 6 8 9 10 | 10.0
Armour         | 4 5 7 8 9 10 | 10.0
Fighting       | 4 5 6 8 9 10 | 10.1
Invocations    | 1 2 4 5 |  5.0
Throwing       | 3 4 |  4.6

Action                   |  1- 3 |  4- 6 |  7- 9 | 10-12 || total
-------------------------+-------+-------+-------+-------++-------
Melee: War axe           |    70 |   114 |   240 |   243 ||   667
       Headbutt          |     5 |    18 |    50 |    43 ||   116
  Use: Scroll            |       |    10 |     4 |     8 ||    22
       Potion            |       |       |     1 |     1 ||     2
Armor: Scale mail        |    15 |       |       |       ||    15
       Plate armour      |    28 |    66 |    93 |    67 ||   254
Dodge: Dodged            |    31 |    42 |    89 |   150 ||   312
Block: Buckler           |    21 |    32 |     6 |       ||    59
       Kite shield       |       |       |   152 |   323 ||   475
       Reflection        |       |       |       |    12 ||    12

Levels and vault maps discovered:
D:1:      kilobyte_arrival_exit_the_forest, layout_rooms,
          hellmonk_ecumenical_altar_watching_god, minmay_3d_cube
D:2:      layout_loops_corners, basic_altar
D:3:      layout_basic, mainiacjoe_overflow_alcove_2
D:4:      layout_gridville, minmay_temple_entry_butterflies, serial_shops, shop
D:5:      layout_basic, minmay_misc_feat_tiny
D:6:      layout_basic, fiery_altar_vehumet, trog_hazing_becter,
          minmay_misc_feat_plants, uniq_maggie
D:7:      layout_loops_corners, serial_shops, shop
D:8:      layout_cave_pods, nicolae_hepliaklqana_ecumenical_no_more,
          lemuel_crystal_altar, dpeg_lair_monsters, serial_ice, serial_ice_k,
          serial_ice_g, serial_ice_h, serial_ice_f, serial_ice_b, serial_ice_a,
          serial_ice_o, uniq_pikel
D:9:      minmay_polygon_palace, layout_gridville, lemuel_round_altar,
          hiddenorc1_lemuel
D:10:     layout_basic, serial_shops, kennysheep_mini_moat
D:11:     layout_roguey, uniq_erolcha, uniq_urug
Temple:   minmay_temple_bridge_d
Abyss:3:  base: D:10, serial_sigils_hangedman_gut, hangedman_relentless_pull

Notes
Turn   | Place    | Note
-------+----------+-------------------------------------------
     0 | D:1      | Sanktem7 the Minotaur Fighter began the quest for the Orb.
     0 | D:1      | Reached XP level 1. HP: 19/19 MP: 0/0
     0 | D:1      | magus.rc [v1.9.6]
   128 | D:1      | Reached XP level 2. HP: 16/27 MP: 1/1
   132 | D:1      | Reached skill level 3 in Axes
   458 | D:1      | You add the spells Gell's Gravitas, Teleport Other and
                  | Dispersal to your library.
   534 | D:1      | Reached skill level 4 in Shields
   565 | D:1      | Reached XP level 3. HP: 33/33 MP: 2/2
   566 | D:1      | You pick up a book of Armaments and begin reading...
   566 | D:1      | You add the spells Stone Arrow, Animate Armour and
                  | Lehudib's Crystal Spear to your library.
   590 | D:1      | Noticed a golden eye
   592 | D:1      | Found a faded altar of an unknown god.
   594 | D:1      | Noticed a shining eye
   594 | D:1      | Noticed an eye of devastation
   594 | D:1      | Noticed a great orb of eyes
   689 | D:1      | Reached skill level 4 in Armour
   847 | D:2      | Reached skill level 4 in Fighting
  1107 | D:2      | You pick up a book of Lightning and begin reading...
  1107 | D:2      | You add the spells Static Discharge, Lightning Bolt and
                  | Maxwell's Capacitive Coupling to your library.
  1205 | D:2      | Found a sparkling altar of Nemelex Xobeh.
  1382 | D:2      | Reached XP level 4. HP: 28/40 MP: 3/3
  1655 | D:2      | Reached skill level 4 in Axes
  2374 | D:3      | Found a snail-covered altar of Cheibriados.
  2963 | D:4      | You pick up a book of Armaments and begin reading...
  3265 | D:4      | Found Hoyl's Antique Weapon Emporium.
  3277 | D:4      | Noticed a scorpion
  3281 | D:4      | Killed a scorpion
  3282 | D:4      | Reached XP level 5. HP: 47/47 MP: 4/4
  3308 | D:4      | Found a staircase to the Ecumenical Temple.
  3317 | Temple   | Entered the Ecumenical Temple
  3413 | Temple   | Became a worshipper of Warmaster Okawaru
  3817 | D:4      | You pick up a book of Minor Magic and begin reading...
  3817 | D:4      | You add the spells Magic Dart and Mephitic Cloud to your
                  | library.
  4020 | D:5      | Entered Level 5 of the Dungeon
  4187 | D:5      | Reached skill level 5 in Axes
  4188 | D:5      | Noticed a water moccasin
  4189 | D:5      | Noticed an ice beast
  4191 | D:5      | Reached XP level 6. HP: 46/53 MP: 5/5
  4196 | D:5      | Killed a water moccasin
  4196 | D:5      | Reached * piety under Okawaru
  4197 | D:5      | Reached skill level 5 in Armour
  4197 | D:5      | Reached skill level 5 in Shields
  4197 | D:5      | Reached skill level 1 in Invocations
  4199 | D:5      | Killed an ice beast
  4200 | D:5      | Reached skill level 5 in Fighting
  4330 | D:5      | Reached XP level 7. HP: 47/61 MP: 7/7
  4475 | D:5      | Reached skill level 6 in Axes
  4509 | D:5      | Reached skill level 2 in Invocations
  5328 | D:6      | Found a radiant altar of Vehumet.
  5378 | D:6      | Identified the +4 kite shield of Seock {rF++ rC+ Will-
                  | rCorr}
  5449 | D:6      | magus.rc [v1.9.6]
  5585 | D:6      | Reached skill level 7 in Axes
  5597 | D:6      | Reached ** piety under Okawaru
  5627 | D:6      | Reached XP level 8. HP: 70/70 MP: 8/8
  5697 | D:6      | Reached skill level 6 in Shields
  5802 | D:6      | Reached skill level 6 in Armour
  5886 | D:6      | Noticed Maggie
  5901 | D:6      | Killed Maggie
  5902 | D:6      | Reached skill level 6 in Fighting
  5902 | D:6      | Reached skill level 3 in Invocations
  6153 | D:6      | Reached skill level 8 in Axes
  6165 | D:6      | Found a bloodstained altar of Trog.
  6708 | D:7      | Found Uhee's Weapon Shop.
  6735 | D:7      | Reached *** piety under Okawaru
  6738 | D:7      | You pick up a book of the Warp and begin reading...
  7233 | D:7      | Identified a scroll of acquirement
  7233 | D:7      | Acquired 767 gold pieces
  7273 | D:8      | HP: 11/71 [yak (13)]
  7277 | D:7      | Reached skill level 7 in Armour
  7277 | D:7      | Reached skill level 4 in Invocations
  7277 | D:7      | Reached XP level 9. HP: 12/78 MP: 9/11
  7281 | D:7      | HP: 9/78 [orc warrior/+0 war axe (5)]
  7282 | D:7      | Reached skill level 7 in Fighting
  7282 | D:7      | Reached skill level 9 in Axes
  7282 | D:7      | Reached skill level 7 in Shields
  7285 | D:7      | HP: 3/79 [orc warrior/+0 war axe (7)]
  7290 | D:7      | HP: 3/79 [orc warrior/+0 war axe (6)]
  7630 | D:8      | Noticed a death yak
  7632 | D:8      | Found a staircase to the Lair.
  7632 | D:8      | Noticed a death yak
  7633 | D:8      | Noticed a death yak
  7653 | D:7      | Killed a death yak
  7653 | D:7      | Reached **** piety under Okawaru
  7843 | D:7      | HP: 11/79 [death yak (9)]
  7845 | D:7      | Killed a death yak
  7846 | D:7      | Reached skill level 8 in Fighting
  7846 | D:7      | Reached skill level 10 in Axes
  7846 | D:7      | Reached skill level 5 in Invocations
  8167 | D:8      | Killed a death yak
  8167 | D:8      | Reached ***** piety under Okawaru
  8168 | D:8      | Reached skill level 8 in Armour
  8168 | D:8      | Reached skill level 8 in Shields
  8168 | D:8      | Reached XP level 10. HP: 60/88 MP: 12/12
  8332 | D:8      | Found a faded altar of an unknown god.
  8332 | D:8      | Noticed Pikel
  8333 | D:8      | Found a faded altar of an unknown god.
  8337 | D:8      | Killed Pikel
  8338 | D:8      | Found a hazy altar of Hepliaklqana.
  8404 | D:8      | Reached skill level 1 in Throwing
  8421 | D:8      | You pick up a book of Storms and begin reading...
  8450 | D:8      | Reached skill level 11 in Axes
  8678 | D:8      | You pick up a book of Spatial Translocations and begin
                  | reading...
  8678 | D:8      | You add the spells Blink, Lesser Beckoning and Manifold
                  | Assault to your library.
  8795 | D:8      | Reached skill level 2 in Throwing
  8845 | D:8      | Reached skill level 9 in Fighting
  8848 | D:8      | Reached skill level 9 in Shields
  8855 | D:8      | Reached skill level 9 in Armour
  8995 | D:8      | Found a broken altar of Ashenzari.
  9692 | D:9      | Identified the +0 ring mail of Analysis {rC- Str+4 Dex+7
                  | Stlth+} (Okawaru gifted it to you on level 9 of the
                  | Dungeon)
  9692 | D:9      | Received a gift from Okawaru
  9704 | D:9      | Found a basalt altar of Yredelemnul.
  9811 | D:9      | Reached ****** piety under Okawaru
  9812 | D:9      | Reached skill level 12 in Axes
  9863 | D:9      | Noticed a two-headed ogre
  9870 | D:9      | Killed a two-headed ogre
  9871 | D:9      | Reached skill level 3 in Throwing
  9907 | D:9      | Reached XP level 11. HP: 95/97 MP: 13/13
 10003 | D:9      | Found a staircase to the Orcish Mines.
 10229 | D:10     | Entered Level 10 of the Dungeon
 10827 | D:10     | Reached skill level 4 in Throwing
 10907 | D:10     | Found Ruqemetuqi's Weapon Boutique.
 10995 | D:10     | Reached skill level 13 in Axes
 11157 | D:11     | Identified the +10 flail "Joexe" {drain, *Noise rPois Will+
                  | Int+3}
 11180 | D:11     | Noticed a two-headed ogre
 11183 | D:11     | Noticed a two-headed ogre
 11186 | D:11     | Killed a two-headed ogre
 11196 | D:11     | Killed a two-headed ogre
 11196 | D:11     | Identified the +9 trident "Kecarrab" {vorpal, rElec rPois
                  | rC- Dex+4} (Okawaru gifted it to you on level 11 of the
                  | Dungeon)
 11196 | D:11     | Received a gift from Okawaru
 11197 | D:11     | Reached skill level 10 in Fighting
 11197 | D:11     | Reached skill level 10 in Armour
 11262 | D:11     | Noticed Erolcha
 11266 | D:11     | You are cast into the Abyss!
 11266 | Abyss:2  | Cast into level 2 of the Abyss (Erolcha)
 11269 | Abyss:2  | Found a corrupted altar of Lugonu.
 11318 | Abyss:2  | Reached skill level 10 in Shields
 11323 | Abyss:2  | Noticed a tentacled starspawn
 11337 | Abyss:2  | Noticed a starcursed mass
 11354 | Abyss:2  | Noticed a large abomination
 11395 | Abyss:3  | Noticed a sixfirhy
 11398 | Abyss:3  | Noticed a tentacled starspawn
 11409 | Abyss:3  | Noticed a starcursed mass
 11410 | Abyss:3  | Noticed a shock serpent
 11418 | Abyss:3  | HP: 11/99 [shock serpent (shapeshifter)/bolt of electricity
                  | (27)]
 11734 | Abyss:3  | Noticed a balrug
 11734 | Abyss:3  | Noticed a thrashing horror
 11736 | Abyss:3  | Noticed a thrashing horror
 11737 | Abyss:3  | Noticed a large abomination
 11741 | Abyss:3  | Noticed a sun demon
 11747 | Abyss:3  | HP: 18/99 [large abomination (28)]
 11747 | Abyss:3  | HP: 4/99 [balrug/divine providence (14)]
 11750 | Abyss:3  | Noticed a sun demon
 11768 | Abyss:3  | Noticed a large abomination
 11769 | Abyss:3  | Noticed a glowing orange brain
 11786 | Abyss:3  | HP: 1/90 [large abomination (9)]
 11786 | Abyss:3  | Noticed a tentacled starspawn
 11787 | Abyss:3  | Mangled by a large abomination

Vanquished Creatures
  3 death yaks
  3 two-headed ogres
  Pikel (D:8)
  A smoke demon (Abyss:2)
  Maggie (D:6)
  A hornet (D:10)
  3 polar bears (D:8)
  A large abomination (Abyss:3)
  A shadow (D:10)
  A wyvern (D:10)
  2 wraiths (D:10)
  14 yaks
  An unseen horror simulacrum (D:8)
  4 vampire mosquitoes (D:10)
  A water moccasin (D:5)
  5 orc warriors
  4 ice beasts
  2 ogres
  5 centaurs
  5 wolves (D:8)
  4 bullfrogs
  4 necrophages
  2 scorpions
  18 killer bees
  A howler monkey (D:5)
  A quasit (Abyss:3)
  A hound (D:6)
  3 jellies
  3 orc priests
  A gnoll bouda (D:8)
  3 iguanas
  4 orc wizards
  3 gnolls (D:8)
  9 adders
  A river rat (D:8)
  A white imp (D:8)
  4 ufetubi
  5 worms
  42 orcs
  12 ball pythons
  2 bats
  6 endoplasms
  2 giant cockroaches
  7 goblins
  8 hobgoblins
  4 jackals (D:4)
  11 kobolds
  8 quokkas
  4 frilled lizards
  10 rats
243 creatures vanquished.

Vanquished Creatures (others)
  A fungus (D:6)
  14 starspawn tentacles
15 creatures vanquished.

Grand Total: 258 creatures vanquished

Table legend:
 A = Non-vault XP
 B = Vault XP
 C = Vault XP percentage of total XP
 D = Non-vault monster count
 E = Vault monster count
 F = Vault count percentage of total count
                 A         B        C        D         E       F
            +---------+---------+-------+---------+---------+-------
      Total |   12449 |    5757 |  31.6 |     192 |      51 |  21.0
            +---------+---------+-------+---------+---------+-------
        D:1 |      44 |       5 |  10.2 |      27 |       4 |  12.9
        D:2 |      70 |       0 |   0.0 |      17 |       0 |   0.0
        D:3 |      27 |       0 |   0.0 |      13 |       0 |   0.0
        D:4 |     168 |       0 |   0.0 |      14 |       0 |   0.0
        D:5 |     847 |       0 |   0.0 |      23 |       0 |   0.0
        D:6 |     563 |     385 |  40.6 |      12 |       7 |  36.8
        D:7 |     785 |    1936 |  71.2 |      19 |       4 |  17.4
        D:8 |    1629 |    3247 |  66.6 |      16 |      19 |  54.3
        D:9 |    2457 |     184 |   7.0 |      18 |      17 |  48.6
       D:10 |    3454 |       0 |   0.0 |      28 |       0 |   0.0
       D:11 |    1662 |       0 |   0.0 |       2 |       0 |   0.0
    Abyss:2 |     448 |       0 |   0.0 |       1 |       0 |   0.0
    Abyss:3 |     295 |       0 |   0.0 |       2 |       0 |   0.0
            +---------+---------+-------+---------+---------+-------

Illustrated notes

Table legend:
 A = Kills in this place as a percentage of kills in entire the game.
 B = Kills by you in this place as a percentage of kills by you in the entire game.
 C = Kills by friends in this place as a percentage of kills by friends in the entire game.
 D = Other kills in this place as a percentage of other kills in the entire game.
 E = Experience gained in this place as a percentage of experience gained in the entire game.
 F = Experience gained in this place divided by the number of levels of this place that you have seen.
                   A       B       C       D       E      F
               +-------+-------+-------+-------+-------+----------------------
         Total | 100.0 | 100.0 |   N/A |   N/A | 100.0 | 1300.4
       Dungeon |  98.8 |  98.8 |   N/A |   N/A |  95.9 | 1587.5
         Abyss |   1.2 |   1.2 |   N/A |   N/A |   4.1 | 371.5
               +-------+-------+-------+-------+-------+----------------------

Table legend: (Time is in decaauts)
 A = Elapsed time spent in this place.
 B = Non-inter-level travel time spent in this place.
 C = Inter-level travel time spent in this place.
 D = Time resting spent in this place.
 E = Time spent auto-exploring this place.
 F = Levels seen in this place.
 G = Mean time per level.
                   A        B        C        D        E       F      G
               +--------+--------+--------+--------+--------+-----+--------+
         Total |  11918 |  11537 |    381 |   1700 |   8164 |  14 |  851.3 |
       Dungeon |  11229 |  10953 |    276 |   1392 |   8104 |  11 | 1020.8 |
        Temple |    169 |     64 |    105 |      0 |     60 |   1 |  169.0 |
         Abyss |    519 |    519 |      0 |    308 |      0 |   2 |  259.5 |
               +--------+--------+--------+--------+--------+-----+--------+

Top non-repeatable levels by time:
     D:7: 1861 daAuts
     D:8: 1314 daAuts
     D:5: 1229 daAuts
     D:2: 1104 daAuts
     D:6: 1057 daAuts
     D:3: 1030 daAuts
    D:10: 918 daAuts
     D:4: 910 daAuts
     D:1: 862 daAuts
     D:9: 823 daAuts
 Abyss:3: 414 daAuts
  Temple: 169 daAuts
    D:11: 117 daAuts
 Abyss:2: 104 daAuts
